 Dungeon Crawl Stone Soup version 0.29-a0-925-g0a7a3d12f8 (webtiles) character file.

Game seed: 14457526531080396953

62 ptdevnull the Shooter (level 3, -2/21 HPs)
             Began as a Deep Elf Arcane Marksman on July 28, 2022.
             Slain by a gnoll
             ... wielding a +0 spear
              (3 damage)
             ... on level 3 of the Dungeon.
             The game lasted 00:03:49 (1768 turns).

ptdevnull the Shooter (Deep Elf Arcane Marksman)    Turns: 1768, Time: 00:03:49

Health: -2/21      AC:  3    Str:  7    XL:     3   Next: 85%
Magic:  0/7        EV: 13    Int: 17    God:
Gold:   227        SH:  0    Dex: 17    Spells: 1/5 levels left

rFire   . . .      SeeInvis .   a - +1 sling
rCold   . . .      Faith    +   (no shield)
rNeg    . . .      Spirit   .   c - +0 robe
rPois   .          Reflect  .   l - +1 hat
rElec   .          Harm     .   (no cloak)
rCorr   .          Rampage  .   (no gloves)
Will    +....                   (no boots)
Stlth   ++........              r - amulet of faith
HPRegen 0.07/turn               o - ring of flight
MPRegen 0.10/turn               p - ring of willpower

@: flying, very slightly contaminated
A: no striking features
a: no special abilities


You were on level 3 of the Dungeon.
You visited 1 branch of the dungeon, and saw 3 of its levels.

You collected 227 gold pieces.

Inventory:

Hand Weapons
 a - a +1 sling (weapon)
Armour
 c - a +0 robe (worn)
 l - a +1 hat (worn)
Jewellery
 o - a ring of flight (left hand)
 p - a ring of willpower (right hand)
 r - an amulet of faith (around neck)
Scrolls
 b - 2 scrolls of vulnerability
 g - 2 scrolls of identify {unknown}
 h - a scroll of butterflies {unknown}
 i - 2 scrolls of blinking {unknown}
 j - a scroll of poison {unknown}
 u - a scroll of magic mapping {unknown}
 v - a scroll of enchant weapon {unknown}
 w - a scroll of teleportation {unknown}
Potions
 d - a potion of brilliance {unknown}
 e - a potion of flight {unknown}
 f - 2 potions of berserk rage {unknown}
 k - a potion of haste {unknown}
 m - 2 potions of might {unknown}
 n - 2 potions of ambrosia {unknown}
 q - a potion of attraction {unknown}
 s - a potion of heal wounds {unknown}
 t - 2 potions of curing {unknown}


   Skills:
 + Level 1.8 Fighting
 * Level 4.9 Ranged Weapons
 - Level 2.4 Dodging
 - Level 1.5 Spellcasting
 - Level 4.0 Hexes


You had one spell level left.
You knew the following spells:

 Your Spells              Type           Power      Damage    Failure   Level
a - Slow                  Hex            56%        N/A       4%          1
b - Portal Projectile     Hex/Tloc       16%        N/A       26%         3

Your spell library contained the following spells:

 Spells                   Type           Power      Damage    Failure   Level
 Inner Flame              Hex/Fire       8%         N/A       26%         3
 Cause Fear               Hex            7%         N/A       36%         4


Dungeon Overview and Level Annotations

Branches:
Dungeon (3/15)

Altars:


Message History

A gnoll comes into view. It is wielding a +0 spear.
You shoot a sling bullet.
The sling bullet closely misses the gnoll.
The gnoll closely misses you. The gnoll barely misses you.
The gnoll attacks as you move away! The gnoll hits you with a +0 club.
You see here 9 stones.
Casting: Slow (safe; 4% risk of failure)
Confirm with . or Enter, or press ? or * to list all spells.
The spell is extremely dangerous to miscast (26% risk of failure)!
Continue anyway?
You miscast Portal Projectile.
You are very lightly contaminated with residual magic.
The light around you dims momentarily.
You feel yourself slow down. The gnoll hits you with a +0 club.
The gnoll closely misses you.
Casting: Portal Projectile (extremely dangerous; 26% risk of failure)
Confirm with . or Enter, or press ? or * to list all spells.
The spell is extremely dangerous to miscast (26% risk of failure)!
Continue anyway?
You begin teleporting projectiles to their destination.
The gnoll closely misses you. x2
Unknown command.
Fire: a) +1 sling
Press: ? - help, Q - select action, (/) - cycle Shift-Dir - straight line, f - gnoll, p - gnoll
Aim: a gnoll, wielding a +0 spear (severely wounded, 64% to hit)
You magically shoot a sling bullet.
The sling bullet hits the gnoll.
The gnoll is almost dead.
The gnoll hits you with a +0 club. The gnoll completely misses you.
The gnoll hits you but does no damage. x2
Fire: a) +1 sling
Press: ? - help, Q - select action, (/) - cycle Shift-Dir - straight line, f/p - gnoll
Aim: a gnoll, wielding a +0 spear (almost dead, 64% to hit)
You shoot a sling bullet.
The sling bullet barely misses the gnoll.
The sling bullet closely misses the gnoll.
The sling bullet barely misses the gnoll.
You feel yourself speed up.
You are no longer teleporting projectiles to their destination.
The gnoll hits you with a +0 club.
The gnoll hits you from afar with a +0 spear!
* * * LOW HITPOINT WARNING * * *
The gnoll hits you from afar with a +0 spear.
You die...

######### #........
##.####### #.........
#############..#######
...............#
#..........###.######
#.########......@ggg#
#.# #####.####.# #.#
#...# .# #.# #.### g.
#.# #.# ... #.# #.#
##.# #.# #.#### .#
#.### #.##.. ## .#
....# #.##.##.##.#


You could see 3 gnolls.

Vanquished Creatures
  2 adders
  A dart slug (D:2)
  4 bats
  4 endoplasms
  3 giant cockroaches
  A goblin (D:3)
  6 hobgoblins
  2 quokkas
  6 ball pythons
  A frilled lizard (D:2)
  3 kobolds
  5 rats
38 creatures vanquished.

Notes
Turn   | Place    | Note
-------+----------+-------------------------------------------
     0 | D:1      | ptdevnull the Deep Elf Arcane Marksman began the quest for
                  | the Orb.
     0 | D:1      | Reached XP level 1. HP: 11/11 MP: 5/5
   120 | D:1      | Reached skill level 1 in Fighting
   379 | D:2      | Reached XP level 2. HP: 16/16 MP: 6/6
  1178 | D:2      | Reached XP level 3. HP: 20/20 MP: 7/7
  1182 | D:2      | Learned a level 3 spell: Portal Projectile
  1768 | D:3      | HP: 1/21 [gnoll/+0 spear (7)]
  1768 | D:3      | Slain by a gnoll

Illustrated notes

Levels and vault maps discovered:
D:1:      nicolae_arrival_washed_ashore, layout_rooms
D:2:      layout_loops_corners
D:3:      layout_loops_ring, chequers_serial_rivers_small_3,
          hangedman_decor_push

Skill      XL: |  1  2 |
---------------+-------+-----
Ranged Weapons | 3 4 |  4.9
Fighting       | 1 |  1.8
Dodging        | |  2.4
Spellcasting   | |  1.5
Hexes          | |  4.0

Action                   || total
-------------------------++-------
 Fire: Sling             ||   119
 Cast: Slow              ||     2
       Portal Projectile ||     1
Armor: Robe              ||     9
Dodge: Dodged            ||    30

Table legend: (Time is in decaauts)
 A = Elapsed time spent in this place.
 B = Non-inter-level travel time spent in this place.
 C = Inter-level travel time spent in this place.
 D = Time resting spent in this place.
 E = Time spent auto-exploring this place.
 F = Levels seen in this place.
 G = Mean time per level.
                   A        B        C        D        E       F      G
               +--------+--------+--------+--------+--------+-----+--------+
         Total |   1790 |   1744 |     46 |      0 |   1482 |   3 |  596.7 |
       Dungeon |   1790 |   1744 |     46 |      0 |   1482 |   3 |  596.7 |
               +--------+--------+--------+--------+--------+-----+--------+

Top non-repeatable levels by time:
     D:2: 1168 daAuts
     D:1: 369 daAuts
     D:3: 253 daAuts
